 Dungeon Crawl Stone Soup version 0.17.2 (webtiles) character file.

37 Goblin1989 the Twirler (level 3, 0/21 HPs)
             Began as a Gargoyle Gladiator on July 14, 2016.
             Slain by Robin
             ... wielding a cursed -1 spear
              (2 damage)
             ... on level 2 of the Dungeon.
             The game lasted 00:01:38 (874 turns).

Goblin1989 the Twirler (Gargoyle Gladiator)          Turns: 874, Time: 00:01:38

Health: 0/21       AC:  9    Str: 18    XL:     3   Next: 41%
Magic:  3/3        EV: 11    Int:  8    God:
Gold:   85         SH:  0    Dex: 11    Spells: 0 memorised, 2 levels left

rFire  . . .     SeeInvis .     a - +0 quarterstaff
rCold  . . .     Clarity  .     m - +0 ring mail
rNeg   + . .     SustAt   .     (shield currently unavailable)
rPois  ∞         Gourm    .     c - +0 helmet
rElec  +         Spirit   .     (no cloak)
rCorr  .         Warding  .     (no gloves)
rMut   .         Stasis   .     (no boots)
MR     .....                    (no amulet)
Stlth  +.........               (no ring)
                                (no ring)

@: not resistant to hostile enchantments, very unstealthy
A: negative energy resistance 1, electricity resistance, unbreathing,
petrification resistance, rot immunity, AC +3
a: no special abilities


You were on level 2 of the Dungeon.
You were not hungry.

You visited 1 branch of the dungeon, and saw 2 of its levels.

You collected 85 gold pieces.

Inventory:

Hand Weapons
 a - a +0 quarterstaff (weapon)
Missiles
 d - 4 throwing nets (quivered)
Armour
 c - a +0 helmet (worn)
 m - a +0 ring mail (worn)
Jewellery
 j - an uncursed ring of magical power {unknown}
Scrolls
 f - a scroll of amnesia {unknown}
 h - 2 scrolls of identify {unknown}
 k - a scroll of enchant armour {unknown}
Potions
 g - 2 potions of magic {unknown}
 i - a potion of brilliance {unknown}
 l - a potion of degeneration {unknown}
Comestibles
 e - a bread ration


   Skills:
 - Level 2.1 Fighting
 + Level 4.3 Staves
 - Level 1.7 Throwing
 - Level 2.4 Dodging


You had 2 spell levels left.
You didn't know any spells.

Dungeon Overview and Level Annotations

Branches:
Dungeon (2/15)

Altars:

Annotations:
D:2 Robin


Innate Abilities, Weirdness & Mutations

You are resistant to torment.
Your stone body is resilient (AC +3).
You are immune to poison.
You resist negative energy.
You are resistant to electric shocks.
You can survive without breathing.
You are immune to petrification.
You are immune to rotting.


Message History

You hit the goblin.
You kill the goblin!
The hobgoblin hits you.
* * * LOW HITPOINT WARNING * * *
The goblin closely misses you.
The hobgoblin moves out of view.
The hobgoblin hits you but does no damage.
The goblin hits you but does no damage.
You closely miss the goblin. The adder bites you but does no damage.
The hobgoblin hits you.
* * * LOW HITPOINT WARNING * * *
The goblin hits you but does no damage. The hobgoblin barely misses you.
The adder barely misses you. The goblin hits you.
* * * LOW HITPOINT WARNING * * *
You barely miss the goblin.
The hobgoblin hits you but does no damage.
The goblin hits you but does no damage. The adder bites you.
* * * LOW HITPOINT WARNING * * *
The hobgoblin hits you but does no damage.
Robin hits you from afar with an enchanted spear.
You die...

#####..)#######.#.......
..............#.#.#..##.
................#.......
...............###..####.
######...########......#.
#...# #........ #...#
#.#.##.## #.Sg# #... #.#
#sg@# ###..###.#


#ggg# #........# ##g## ####.#.<....# #g #.......##.### .. #.##.##....... #.. #
#.##.### .## #.##.# .# .....# ##.#### You could see Robin, an adder, a giant
cockroach, 2 hobgoblins and 4 goblins.

Vanquished Creatures
  A ball python (D:1)
  3 giant cockroaches
  6 hobgoblins
  A quokka (D:2)
  6 bats
  2 giant geckos
  2 giant newts
  6 goblins
  5 kobolds
  2 rats
34 creatures vanquished.

Notes
Turn   | Place    | Note
--------------------------------------------------------------
     0 | D:1      | Goblin1989 the Gargoyle Gladiator began the quest for the Orb.
     0 | D:1      | Reached XP level 1. HP: 12/12 MP: 1/1
    34 | D:1      | Reached XP level 2. HP: 8/17 MP: 2/2
   417 | D:1      | Reached skill level 4 in Staves
   616 | D:1      | Reached XP level 3. HP: 19/21 MP: 3/3
   864 | D:2      | Noticed Robin
   874 | D:2      | Slain by Robin

Action                   || total
-------------------------++-------
Melee: Quarterstaff      ||    97
